 Dungeon Crawl Stone Soup version 0.30-b1-2-g02819fbbbe (webtiles) character file.

Game seed: 8217821881156263155

281 funkygono the Covered (level 6, -5/55 HPs)
             Began as a Minotaur Fighter on May 23, 2023.
             Killed by divine providence
             ... invoked by an orc priest
              (12 damage)
             ... on level 4 of the Dungeon.
             The game lasted 00:03:53 (2611 turns).

funkygono the Covered (Minotaur Fighter)            Turns: 2611, Time: 00:03:54

Health: -5/55      AC:  2    Str: 23    XL:     6   Next: 6%
Magic:  5/5        EV:  9    Int:  5    God:
Gold:   146        SH:  4    Dex:  9    Spells: 5/5 levels left

rFire   . . .        a - +1 war axe
rCold   . . .        c - +0 buckler
rNeg    . . .        b - +0 scale mail
rPois   .            (helmet restricted)
rElec   .            l - +1 cloak
rCorr   .            (no gloves)
SInv    .            i - +0 pair of boots
Will    .....        (no amulet) Stlth
                     (no ring)
HPRegen 0.29/turn    (no ring)
MPRegen 0.09/turn

%: no passive effects
@: corroded
A: horns 2, retaliatory headbutt
a: no special abilities


You were on level 4 of the Dungeon.
You visited 1 branch of the dungeon, and saw 4 of its levels.

You collected 146 gold pieces.

Inventory:

Hand Weapons
 a - a +1 war axe (weapon)
Armour
 b - a +0 scale mail (worn)
 c - a +0 buckler (worn)
 i - a +0 pair of boots (worn)
 l - a +1 cloak (worn)
Jewellery
 p - an amulet of faith
Scrolls
 f - a scroll of magic mapping
 h - a scroll of poison
 j - a scroll of immolation
 o - a scroll of teleportation
 q - a scroll of fog {unknown}
 r - a scroll of identify
Potions
 d - 3 potions of might
 e - 2 potions of curing
 g - a potion of lignification
 k - a potion of heal wounds
 m - a potion of berserk rage
 n - 2 potions of flight


   Skills:
 + Level 4.8 Fighting
 + Level 5.1 Axes
 + Level 5.3 Armour
 + Level 1.0 Dodging
 + Level 0.4 Stealth
 + Level 4.1 Shields


You had 5 spell levels left.
You didn't know any spells.
Your spell library contained the following spells:

 Spells                   Type           Power      Damage    Failure   Level
 Magic Dart               Conj           0%         1d3       83%         1
 Searing Ray              Conj           0%         2d4       93%         2
 Portal Projectile        Hex/Tloc       0%         N/A       99%         3
 Tukima's Dance           Hex            0%         N/A       99%         3
 Fulminant Prism          Conj/Hex       0%         3d5       100%        4
 Blade Hands              Tmut           0%         N/A       100%        5


Dungeon Overview and Level Annotations

Branches:
Dungeon (4/15)
 Temple: D:4-7

Altars:
Ashenzari
Cheibriados
Dithmenos
Gozag
Makhleb
The Shining One


Innate Abilities, Weirdness & Mutations

You have a pair of horns on your head.
You reflexively headbutt those who attack you in melee.


Message History

Beogh smites you! You block the orc priest's attack.
You barely miss the orc priest.
You headbutt the orc priest, but do no damage.
The orc priest closely misses you.
You barely miss the orc priest.
The orc priest looks braver for a moment.
You closely miss the orc priest.
The orc priest hits you with a +0 short sword.
You hit the orc priest but do no damage.
Your headbutt misses the orc priest.
The orc priest hits you with a +0 short sword.
You block the orc priest's attack.
You hit the orc priest but do no damage.
Your headbutt misses the orc priest. The orc priest closely misses you.
You furiously retaliate!
You headbutt the orc priest. You hit the orc priest.
The orc priest is moderately wounded.
The orc priest hits you with a +0 short sword.
You closely miss the orc priest. You headbutt the orc priest.
The orc priest is moderately wounded.
The orc priest hits you with a +0 short sword.
The orc priest looks encouraged for a moment.
You barely miss the orc priest.
The orc priest is moderately wounded.
The orc priest casts a cantrip, but nothing happens.
The orc priest mumbles some strange prayers to Beogh against you.
Beogh smites you!
* * * LOW HITPOINT WARNING * * *
You hit the orc priest.
The orc priest is moderately wounded.
You block the orc priest's attack.
You barely miss the orc priest.
The orc priest is moderately wounded.
The orc priest begins to cast a cantrip, but forgets the words!
The orc priest looks encouraged for a moment.
You barely miss the orc priest.
The orc priest is moderately wounded.
The orc priest mumbles some strange prayers to Beogh against you.
Beogh smites you!
You die...

########### #.........#
########.#######.#
.......#.#######.########
........................>
#.#.##...#######.#######.
#.#.###### #@# ..#.####
######o#### ........
.......o...###### ....#
#######.##......##
..##### ####.oo_...##
......# #.....⌠..#
#.##### #######o...# #.#
..o.. ##._.# #.#
.._...#....#


You could see 2 orc priests.

Vanquished Creatures
  An ogre (D:4)
  A jelly (D:4)
  An orc wizard (D:3)
  7 adders
  An ufetubus (D:3)
  A dart slug (D:1)
  4 orcs
  6 bats
  6 endoplasms
  11 giant cockroaches
  6 hobgoblins
  2 jackals (D:2)
  3 kobolds (D:2)
  3 quokkas
  6 ball pythons
  2 goblins
  4 rats
65 creatures vanquished.

Notes
Turn   | Place    | Note
-------+----------+-------------------------------------------
     0 | D:1      | funkygono the Minotaur Fighter began the quest for the Orb.
     0 | D:1      | Reached XP level 1. HP: 19/19 MP: 0/0
   165 | D:1      | Reached XP level 2. HP: 26/27 MP: 1/1
   914 | D:2      | Reached XP level 3. HP: 31/33 MP: 2/2
  1536 | D:2      | Reached XP level 4. HP: 36/41 MP: 3/3
  2155 | D:3      | Reached XP level 5. HP: 47/47 MP: 4/4
  2410 | D:4      | Noticed an ogre
  2418 | D:4      | Killed an ogre
  2419 | D:4      | Reached skill level 5 in Axes
  2419 | D:4      | Reached skill level 1 in Dodging
  2510 | D:4      | Reached skill level 5 in Armour
  2562 | D:4      | Found a snail-covered altar of Cheibriados.
  2567 | D:4      | Found a broken altar of Ashenzari.
  2573 | D:4      | Found a shadowy altar of Dithmenos.
  2574 | D:4      | Found a burning altar of Makhleb.
  2577 | D:4      | Found a glowing golden altar of the Shining One.
  2578 | D:4      | Found an opulent altar of Gozag.
  2594 | D:4      | Reached XP level 6. HP: 27/55 MP: 5/5
  2611 | D:4      | Killed from afar by an orc priest

Illustrated notes

Levels and vault maps discovered:
D:1:      roderic_octagonal_star, layout_basic
D:2:      layout_loops_ring, minmay_splitting_lines, serial_bayou_pond_e,
          dreamdust_princess_bridge, minmay_hedge_maze,
          chequers_serial_rivers_marsh
D:3:      minmay_roachtagon, layout_rooms, ebering_dispersal_statue_hall
D:4:      layout_basic, nicolae_overflow_hallway_of_the_gods

Skill      XL: |  1  2  3  4  5 |
---------------+----------------+-----
Fighting       | 4 |  4.8
Armour         | 4 5 |  5.3
Axes           | 3 4 5 |  5.1
Shields        | 4 |  4.1
Dodging        | 1 |  1.0
Stealth        | |  0.4

Action                     |  1- 3 |  4- 6 || total
---------------------------+-------+-------++-------
  Melee: War axe           |    88 |    84 ||   172
         Headbutt          |     9 |    11 ||    20
    Use: Scroll            |     5 |     9 ||    14
         Potion            |       |     1 ||     1
 Armour: Scale mail        |    39 |    45 ||    84
  Dodge: Dodged            |    43 |    34 ||    77
  Block: Buckler           |    17 |    18 ||    35
